 Dungeon Crawl Stone Soup version 0.31-a0-232-gb1c03b2570 (webtiles) character file.

Game seed: 11484132337785648119

58 qw the Shooter (level 4, -2/27 HPs)
             Began as a Gargoyle Hexslinger on July 6, 2023.
             Slain by a cerulean imp
             ... wielding a +1 spear
             ... summoned by Natasha
              (5 damage)
             ... on level 2 of the Dungeon.
             The game lasted 00:00:34 (1162 turns).

qw the Shooter (Gargoyle Hexslinger)                Turns: 1162, Time: 00:00:34

Health: -2/27      AC: 11    Str: 11    XL:     4   Next: 2%
Magic:  5/5        EV: 11    Int: 14    God:
Gold:   74         SH:  0    Dex: 14    Spells: 4/5 levels left

rFire   . . .        Y - +1 sling
rCold   . . .        (no shield)
rNeg    + . .        e - +0 leather armour
rPois   inf          i - +0 helmet
rElec   +            (no cloak)
rCorr   .            (no gloves)
SInv    .            (no boots)
Will    .....        (no amulet)
Stlth   +            f - +4 ring of protection
HPRegen 0.24/turn    (no ring)
MPRegen 0.09/turn

%: no passive effects
@: slowed, very slow
A: sickness immunity, AC +3, negative energy resistance 1, electricity
resistance, torment resistance 1, petrification resistance
a: no special abilities


You were on level 2 of the Dungeon.
You visited 1 branch of the dungeon, and saw 2 of its levels.

You collected 130 gold pieces.
You spent 56 gold pieces at shops.


Innate Abilities, Weirdness & Mutations

You are immune to sickness and miasma.
Your stone body is resilient. (AC +3)
You are immune to poison.
You resist negative energy. (rN+)
You are resistant to electric shocks. (rElec)
You are resistant to unholy torment.
You are immune to petrification.


   Skills:
 - Level 2.3 Fighting
 + Level 3.6 Ranged Weapons
 - Level 1.5 Dodging
 - Level 1.0 Spellcasting
 - Level 2.6 Hexes


You had 4 spell levels left.
You knew the following spells:

 Your Spells              Type           Power      Damage    Failure   Level
a - Slow                  Hex            32%        N/A       12%         1

Your spell library contained the following spells:

 Spells                   Type           Power      Damage    Failure   Level
 Inner Flame              Hex/Fire       4%         N/A       52%         3
 Portal Projectile        Hex/Tloc       8%         N/A       52%         3
 Cause Fear               Hex            4%         N/A       75%         4

Inventory:

Hand Weapons
 Y - a +1 sling (weapon)
Armour
 b - a +0 pair of boots
 e - a +0 leather armour (worn)
 i - a +0 helmet (worn)
Jewellery
 f - a +4 ring of protection (left hand)
Scrolls
 a - a scroll of identify
 c - a scroll of teleportation {unknown}
Potions
 j - a potion of degeneration {unknown}

Dungeon Overview and Level Annotations

Branches:
Dungeon (2/15)

Altars:

Shops:
D:1 [[?[(

Annotations:
D:2 Natasha


Message History

You shoot a sling bullet. The sling bullet misses Natasha.
The cerulean imp barely misses you.
Natasha stares at you and mumbles some strange words.
The magic dart hits you!
You shoot a sling bullet. The sling bullet hits Natasha.
Natasha is severely wounded.
The cerulean imp hits you but does no damage.
Natasha casts a spell at you.
The magic dart hits you but does no damage.
You shoot a sling bullet. The sling bullet barely misses Natasha.
The cerulean imp hits you but does no damage.
Natasha drinks a potion.
Natasha is healed!
You shoot a sling bullet. The sling bullet hits Natasha.
Natasha is lightly wounded.
The cerulean imp hits you but does no damage.
Natasha claws you. x2
The cerulean imp hits you from afar with a +1 spear.
You shoot a sling bullet. The sling bullet barely misses Natasha.
The cerulean imp hits you but does no damage.
Natasha casts a spell at you.
You feel yourself slow down.
You shoot a sling bullet. The sling bullet misses Natasha.
The cerulean imp hits you but does no damage.
Natasha barely misses you. The cerulean imp barely misses you.
Natasha misses you.
You shoot a sling bullet. The sling bullet misses Natasha.
The cerulean imp hits you from afar with a +1 spear.
Natasha claws you.
You shoot a sling bullet. The sling bullet hits Natasha.
Natasha is heavily wounded.
The cerulean imp hits you from afar with a +1 spear.
Natasha barely misses you.
Natasha casts a spell.
The cerulean imp misses you.
You shoot a sling bullet.
The sling bullet closely misses Natasha.
The cerulean imp hits you but does no damage.
Natasha closely misses you. The cerulean imp barely misses you.
The cerulean imp hits you from afar with a +1 spear.
You die...

.........######.####
#.##.#.#
.........##........#
.###.##.#.#
.........##........#
...........
...).....##........#
........#.#
.........##........#
.###.####%#
.........###......##
... #.# .........#
#......# ### ####.#
##.####### #......#
...... #.# #....@.#
####.# #.# #....)h#
.... ##.# ##...55..
...... ...#
#.#....#.. ####.#
##.# .....%... ...
###.# ##.###
###.#....## #. .....
##...# .#....# #####
##.#.# # #....# ##
##.#.# #.# #.


You could see Natasha and 2 cerulean imps.

Vanquished Creatures
  3 adders (D:2)
  A dart slug (D:2)
  2 ball pythons (D:2)
  A bat (D:1)
  6 endoplasms
  2 giant cockroaches (D:1)
  4 goblins
  4 kobolds (D:2)
  A quokka (D:1)
  2 frilled lizards (D:2)
  2 rats
28 creatures vanquished.

Notes
Turn   | Place    | Note
-------+----------+-------------------------------------------
     0 | D:1      | qw the Gargoyle Hexslinger began the quest for the Orb.
     0 | D:1      | Reached XP level 1. HP: 12/12 MP: 2/2
     0 | D:1      | 0 ||| qw: Version: 0.3-a-46-gb1f654a
     0 | D:1      | 0 ||| qw: Game counter: 2096
     0 | D:1      | 0 ||| qw: Melee chars always use a shield: true
     0 | D:1      | 0 ||| qw: God list: Okawaru
     0 | D:1      | 0 ||| qw: Allow faded altars: false
     0 | D:1      | 0 ||| qw: Do Orc after clearing Dungeon:15 true
     0 | D:1      | 0 ||| qw: Do second Lair branch before Depths: true
     0 | D:1      | 0 ||| qw: Lair rune preference: random
     0 | D:1      | 0 ||| qw: Goals: Normal
     0 | D:1      | 0 ||| PLANNING D:1-11
    19 | D:1      | Found Isseh's Armour Shoppe.
    39 | D:1      | 39 ||| SHOPLISTING +0 ring mail (56 gold, have 28).
    39 | D:1      | 39 ||| SHOPLISTING +2 ring mail of fire resistance (294
                  | gold, have 28).
    39 | D:1      | 39 ||| SHOPLISTING +3 leather armour of poison resistance
                  | (294 gold, have 28).
    54 | D:1      | Found Lujol's Antique Weapon Boutique.
   184 | D:1      | Reached XP level 2. HP: 16/16 MP: 3/3
   213 | D:1      | Found a faded altar of an unknown god.
   268 | D:1      | Reached skill level 3 in Ranged Weapons
   269 | D:1      | Found Pots's Antique Armour Emporium.
   281 | D:1      | 281 ||| SHOPLISTING glowing cloak (210 gold, have 58).
   281 | D:1      | 281 ||| SHOPLISTING glowing robe (103 gold, have 58).
   281 | D:1      | 281 ||| BUYING leather armour (56 gold).
   281 | D:1      | Bought a leather armour for 56 gold pieces
   281 | D:1      | 281 ||| SHOPLISTING pair of gloves (126 gold, have 2).
   281 | D:1      | 281 ||| SHOPLISTING ring mail (112 gold, have 2).
   281 | D:1      | 281 ||| SHOPLISTING runed leather armour (140 gold, have
                  | 2).
   295 | D:1      | Found Doxunad's Antique Armour Shoppe.
   306 | D:1      | 306 ||| SHOPLISTING pair of runed gloves (217 gold, have
                  | 2).
   306 | D:1      | 306 ||| SHOPLISTING ring mail (116 gold, have 2).
   540 | D:1      | Found Qiolist's Magic Scroll Boutique.
   543 | D:1      | 543 ||| SHOPLISTING scroll of identify (20 gold, have 12).
   543 | D:1      | 543 ||| SHOPLISTING scroll of teleportation (30 gold, have
                  | 12).
   601 | D:1      | 601 ||| UPGRADING to +0 leather armour.
   611 | D:1      | 611 ||| DROPPING +0 robe.
   612 | D:1      | 612 ||| UPGRADING to +0 helmet.
   617 | D:1      | 617 ||| UPGRADING to +4 ring of protection.
   618 | D:1      | 618 ||| READING 2 scrolls labelled TAC AJAUKLASCH.
   619 | D:1      | 619 ||| READING scroll labelled CUCSOR ACZA.
   620 | D:1      | 620 ||| READING scroll labelled TEULLATUUH.
   621 | D:1      | 621 ||| DROPPING scroll of poison.
   667 | D:2      | Reached XP level 3. HP: 22/22 MP: 4/4
   995 | D:2      | 995 ||| READING scroll labelled CALEYTA IRAES.
   996 | D:2      | 996 ||| READING scroll labelled NAH KOWYMEKH.
   998 | D:2      | 998 ||| FLEEEEING.
   999 | D:2      | 999 ||| FLEEEEING.
  1003 | D:2      | 1003 ||| FLEEEEING.
  1004 | D:2      | 1004 ||| FLEEEEING.
  1005 | D:2      | 1005 ||| FLEEEEING.
  1008 | D:2      | 1008 ||| FLEEEEING.
  1015 | D:2      | 1015 ||| FLEEEEING.
  1016 | D:2      | 1016 ||| FLEEEEING.
  1023 | D:2      | 1023 ||| FLEEEEING.
  1024 | D:2      | 1024 ||| FLEEEEING.
  1025 | D:2      | 1025 ||| FLEEEEING.
  1026 | D:2      | 1026 ||| FLEEEEING.
  1134 | D:2      | Reached XP level 4. HP: 26/27 MP: 5/5
  1150 | D:2      | Noticed Natasha
  1160 | D:2      | HP: 5/27 [cerulean imp/+1 spear[Natasha] (3)]
  1162 | D:2      | Slain by a cerulean imp

Levels and vault maps discovered:
D:1:      scummos_arrival_hexagon, layout_basic, serial_shops, shop,
          nicolae_square_shop, shop, nicolae_shop_rolled_up, shop,
          chequers_ecumenical_altar_simple
D:2:      layout_basic, kennysheep_generic_room_2, uniq_terence, uniq_natasha

Skill      XL: |  1  2 |
---------------+-------+-----
Ranged Weapons | 3 |  3.6
Fighting       | 2 |  2.3
Dodging        | |  1.5
Spellcasting   | |  1.0
Hexes          | |  2.6

Action                     |  1- 3 |  4- 6 || total
---------------------------+-------+-------++-------
   Fire: Sling             |    92 |    15 ||   107
    Use: Scroll            |     5 |       ||     5
 Armour: Robe              |     1 |       ||     1
         Leather armour    |    23 |     8 ||    31
  Dodge: Dodged            |    28 |     8 ||    36

Table legend:
 A = Non-vault XP
 B = Vault XP
 C = Vault XP percentage of total XP
 D = Non-vault monster count
 E = Vault monster count
 F = Vault count percentage of total count
                 A         B        C        D         E       F
            +---------+---------+-------+---------+---------+-------
      Total |      82 |       2 |   2.4 |      27 |       1 |   3.6
            +---------+---------+-------+---------+---------+-------
        D:1 |      19 |       0 |   0.0 |      10 |       0 |   0.0
        D:2 |      63 |       2 |   3.1 |      17 |       1 |   5.6
            +---------+---------+-------+---------+---------+-------
